 Dungeon Crawl Stone Soup version 0.31-a0-799-g6bc09d010c (webtiles) character file.

Game seed: 13840538805808955296

315 subawu the Ruffian (level 6, 0/47 HPs)
             Began as a Gnoll Shapeshifter on Sept 18, 2023.
             Slain by an orc
             ... wielding a +0 hand axe
              (5 damage)
             ... on level 4 of the Dungeon on Sept 19, 2023.
             The game lasted 00:10:20 (2600 turns).

subawu the Ruffian (Gnoll Shapeshifter)             Turns: 2600, Time: 00:10:22

Health: 0/47       AC:  8    Str: 16    XL:     6   Next: 44%
Magic:  9/9        EV:  8    Int:  9    God:
Gold:   265        SH:  0    Dex: 11    Spells: 9/9 levels left

rFire   . .          .
                       - Unarmed
rCold   . . .        (no shield)
rNeg    . . .        h - +0 chain mail {Will+}
rPois   .            (helmet currently unavailable)
rElec   .            (cloak currently unavailable)
rCorr   .            (gloves currently unavailable)
SInv    .            (boots currently unavailable)
Will    +....        (no amulet) Stlth
                     (no ring)
HPRegen 0.27/turn    (no ring)
MPRegen 0.11/turn

%: no passive effects
@: beast-form
A: beast (slay +3), fangs 1, strong nose, distributed training
a: Begin Untransformation


You were on level 4 of the Dungeon.
You were a hulking beast.
You visited 1 branch of the dungeon, and saw 4 of its levels.

You collected 265 gold pieces.

Inventory:

Missiles
 q - 14 poisoned darts
Armour
 a - a +0 animal skin
 b - a +0 ring mail
 h - a +0 chain mail of willpower (worn)
 r - the +0 ring mail of Wonderful Satisfaction {rC+ Str+2 SInv}
   (You found it on level 2 of the Dungeon)

   Str+2:     It affects your strength (+2).
   rC+:       It protects you from cold.
   SInv:      It lets you see invisible.
 x - a +0 pair of gloves
 y - a +2 robe of fire resistance
Jewellery
 o - a ring of wizardry
Talismans
 c - a beast talisman (active)
 d - a flux talisman
 p - a blade talisman
Wands
 w - a wand of flame (17)
Scrolls
 e - a scroll of silence {unknown}
 g - 4 scrolls of immolation {unknown}
 i - 2 scrolls of enchant weapon {unknown}
 j - 3 scrolls of identify {unknown}
 k - a scroll of teleportation {unknown}
 l - 2 scrolls of poison {unknown}
 m - a scroll of fog {unknown}
 n - 2 scrolls of fear {unknown}
 s - 3 scrolls of revelation {unknown}
Potions
 f - a potion of brilliance {unknown}
 t - a potion of might {unknown}
 u - 4 potions of curing {unknown}
 v - 2 potions of degeneration {unknown}


   Skills:
 + Level 3.2 Fighting
 + Level 2.0 Short Blades
 + Level 2.0 Long Blades
 + Level 2.0 Axes
 + Level 2.0 Maces & Flails
 + Level 2.0 Polearms
 + Level 2.0 Staves
 + Level 2.0 Ranged Weapons
 + Level 2.0 Throwing
 + Level 2.0 Armour
 + Level 5.0 Dodging
 + Level 2.0 Stealth
 + Level 2.0 Shields
 + Level 6.8 Unarmed Combat
 + Level 2.0 Spellcasting
 + Level 1.5 Conjurations
 + Level 1.5 Hexes
 + Level 1.5 Summonings
 + Level 1.5 Necromancy
 + Level 1.5 Translocations
 + Level 1.5 Transmutations
 + Level 1.5 Fire Magic
 + Level 1.5 Ice Magic
 + Level 1.5 Air Magic
 + Level 1.5 Earth Magic
 + Level 1.5 Poison Magic
 + Level 2.2 Invocations
 + Level 2.0 Evocations
 + Level 6.7 Shapeshifting


You had 9 spell levels left.
You didn't know any spells.
Your spell library contained the following spells:

 Spells                   Type           Power      Damage    Failure   Level
 Apportation              Tloc           6%         N/A       91%         1
 Necrotise                Necr           12%        1d4       91%         1
 Shock                    Conj/Air       12%        1d3       91%         1
 Summon Small Mammal      Summ           12%        N/A       91%         1
 Dazzling Flash           Conj/Hex       6%         N/A       100%        3
 Volatile Blastmotes      Fire/Tloc      6%         2d10      100%        3
 Airstrike                Air            1%         2d(1-17)  100%        4
 Alistair's Intoxication  Tmut/Pois      2%         N/A       100%        5
 Starburst                Conj/Fire      1%         6d3       100%        6
 Maxwell's Capacitive Co  Air            1%         ∞         100%        8


Dungeon Overview and Level Annotations

Branches:
Dungeon (4/15)
 Temple: D:4-7

Altars:


Innate Abilities, Weirdness & Mutations

You are a hulking beast.
Your limbs bulge with bestial killing power. (Slay +3)
You have very sharp teeth.
Your uncanny sense of smell can sniff out nearby items.
Your experience applies equally to all skills.


Message History

An orc comes into view. It is wielding a +0 short sword.
The orc shouts!
The orc priest zaps a wand.
The mass of ice explodes!
The iceblast engulfs you!
You hear a shout!
Things that are here:
a +0 hand axe; an orc corpse The orc barely misses you.
You hit the orc but do no damage. The orc closely misses you.
The orc hits you but does no damage.
You barely miss the orc. Your bite misses the orc. The orc barely misses you.
The orc priest hits you with a +2 mace of protection.
The orc attacks as it pursues you! The orc hits you but does no damage.
You hit the orc.
The orc is lightly wounded.
You hit the orc. You punch the orc.
You kill the orc!
The orc closely misses you. The orc hits you but does no damage.
You hit the orc priest but do no damage.
The orc priest hits you with a +2 mace of protection.
The orc hits you but does no damage. The orc misses you.
You closely miss the orc priest. The orc priest closely misses you.
The orc hits you but does no damage. The orc barely misses you.
You hit the orc priest but do no damage.
The orc priest hits you but does no damage.
The orc hits you with a +0 mace of protection.
* * * LOW HITPOINT WARNING * * *
The orc hits you but does no damage.
You punch the orc priest!
The orc priest is severely wounded.
The orc priest hits you with a +2 mace of protection!
* * * LOW HITPOINT WARNING * * *
The orc hits you but does no damage. The orc completely misses you.
You hit the orc priest but do no damage.
You bite the orc priest, but do no damage.
The orc priest is severely wounded.
The orc priest barely misses you.
The orc hits you with a +0 mace of protection.
* * * LOW HITPOINT WARNING * * *
The orc hits you with a +0 hand axe.
You die...

.................................
...............................<.
.................................
..............................†..
.................................
.....)...........................
.................................
...>...........)oo...............
................ho...............
.............<...................
.................................
...................?.............
........................
......................
.....................
...............


You could see an orc priest and 2 orcs.

Vanquished Creatures
  Sigmund (D:3)
  An orc priest (D:3)
  4 adders
  2 worms
  3 dart slugs (D:1)
  6 orcs
  10 ball pythons
  A bat (D:1)
  5 endoplasms
  A giant cockroach (D:2)
  5 goblins
  7 hobgoblins
  4 jackals (D:1)
  2 kobolds (D:3)
  A quokka (D:1)
  A frilled lizard (D:3)
  3 rats
57 creatures vanquished.

Vanquished Creatures (others)
  An orc (D:4)
1 creature vanquished.

Grand Total: 58 creatures vanquished

Notes
Turn   | Place    | Note
-------+----------+-------------------------------------------
     0 | D:1      | subawu the Gnoll Shapeshifter began the quest for the Orb.
     0 | D:1      | Reached XP level 1. HP: 17/17 MP: 1/1
    57 | D:1      | Found a faded altar of an unknown god.
   180 | D:1      | Reached XP level 2. HP: 23/23 MP: 2/2
   308 | D:1      | Reached XP level 3. HP: 28/28 MP: 3/3
   721 | D:2      | Reached skill level 1 in Invocations
   751 | D:2      | Reached skill level 1 in Short Blades
   751 | D:2      | Reached skill level 1 in Long Blades
   751 | D:2      | Reached skill level 1 in Axes
   751 | D:2      | Reached skill level 1 in Maces & Flails
   751 | D:2      | Reached skill level 1 in Polearms
   751 | D:2      | Reached skill level 1 in Staves
   751 | D:2      | Reached skill level 1 in Ranged Weapons
   751 | D:2      | Reached skill level 1 in Throwing
   751 | D:2      | Reached skill level 1 in Armour
   751 | D:2      | Reached skill level 1 in Stealth
   751 | D:2      | Reached skill level 1 in Shields
   751 | D:2      | Reached skill level 1 in Spellcasting
   751 | D:2      | Reached skill level 1 in Evocations
   958 | D:2      | Identified the +0 ring mail of Wonderful Satisfaction {rC+
                  | Str+2 SInv}
  1282 | D:2      | Reached XP level 4. HP: 29/34 MP: 5/5
  1816 | D:3      | Identified the +4 mace "Killer Bee's Death" {drain, rPois
                  | rCorr Int+3}
  1821 | D:3      | Upgraded the game from 0.31-a0-795-g5eb97db20b to
                  | 0.31-a0-799-g6bc09d010c
  1957 | D:3      | Got a peculiar book
  1996 | D:3      | Reached skill level 1 in Conjurations
  1996 | D:3      | Reached skill level 1 in Hexes
  1996 | D:3      | Reached skill level 1 in Summonings
  1996 | D:3      | Reached skill level 1 in Necromancy
  1996 | D:3      | Reached skill level 1 in Translocations
  1996 | D:3      | Reached skill level 1 in Transmutations
  1996 | D:3      | Reached skill level 1 in Fire Magic
  1996 | D:3      | Reached skill level 1 in Ice Magic
  1996 | D:3      | Reached skill level 1 in Air Magic
  1996 | D:3      | Reached skill level 1 in Earth Magic
  1996 | D:3      | Reached skill level 1 in Poison Magic
  2007 | D:3      | Reached XP level 5. HP: 23/40 MP: 6/6
  2208 | D:3      | Noticed Sigmund
  2223 | D:3      | Killed Sigmund
  2224 | D:3      | Reached skill level 5 in Dodging
  2224 | D:3      | Reached XP level 6. HP: 27/47 MP: 7/9
  2600 | D:4      | Slain by an orc

Illustrated notes

Levels and vault maps discovered:
D:1:      dpeg_arrival_line_fractal, layout_basic,
          dreamdust_ecumenical_altar_statues
D:2:      layout_loops_corners, minivault_11
D:3:      layout_basic, minivault_14, dreamdust_wishing_well, uniq_sigmund
D:4:      layout_layer_cave, nicolae_shop_firing_range

Skill      XL: |  1  2  3  4  5 |
---------------+----------------+-----
Invocations    | 1 2 |  2.2
Short Blades   | 1 2 |  2.0
Long Blades    | 1 2 |  2.0
Axes           | 1 2 |  2.0
Maces & Flails | 1 2 |  2.0
Polearms       | 1 2 |  2.0
Staves         | 1 2 |  2.0
Ranged Weapons | 1 2 |  2.0
Throwing       | 1 2 |  2.0
Armour         | 1 2 |  2.0
Stealth        | 1 2 |  2.0
Shields        | 1 2 |  2.0
Spellcasting   | 1 2 |  2.0
Evocations     | 1 2 |  2.0
Conjurations   | 1 |  1.5
Hexes          | 1 |  1.5
Summonings     | 1 |  1.5
Necromancy     | 1 |  1.5
Translocations | 1 |  1.5
Transmutations | 1 |  1.5
Fire Magic     | 1 |  1.5
Ice Magic      | 1 |  1.5
Air Magic      | 1 |  1.5
Earth Magic    | 1 |  1.5
Poison Magic   | 1 |  1.5
Fighting       | 3 |  3.2
Dodging        | 5 |  5.0
Unarmed Combat | |  6.8
Shapeshifting  | |  6.7

Action                     |  1- 3 |  4- 6 || total
---------------------------+-------+-------++-------
  Melee: Unarmed           |    62 |    61 ||   123
         Bite              |     6 |     4 ||    10
         Punch             |     2 |     1 ||     3
    Use: Potion            |       |     1 ||     1
 Armour: Animal skin       |     2 |       ||     2
         Chain mail        |    30 |    21 ||    51
         Ring mail         |     6 |    29 ||    35
         Skin              |       |    31 ||    31
  Dodge: Dodged            |    28 |    59 ||    87

Table legend: (Time is in decaauts)
 A = Elapsed time spent in this place.
 B = Non-inter-level travel time spent in this place.
 C = Inter-level travel time spent in this place.
 D = Time resting spent in this place.
 E = Time spent auto-exploring this place.
 F = Levels seen in this place.
 G = Mean time per level.
                   A        B        C        D        E       F      G
               +--------+--------+--------+--------+--------+-----+--------+
         Total |   2586 |   2499 |     87 |    132 |   1062 |   4 |  646.5 |
       Dungeon |   2586 |   2499 |     87 |    132 |   1062 |   4 |  646.5 |
               +--------+--------+--------+--------+--------+-----+--------+

Top non-repeatable levels by time:
     D:2: 1007 daAuts
     D:3: 797 daAuts
     D:1: 701 daAuts
     D:4: 79 daAuts
